Phantoms vs Rocket
Created - May 5, 2023 at 22:48
Goals
|
| Phantoms |
0 |
2 |
2 |
4 |
| Rocket |
1 |
3 |
1 |
5 |
|
Shots
|
| Phantoms |
4 |
25 |
8 |
37 |
| Rocket |
9 |
14 |
13 |
36 |
|
1st period
1. Rocket , Scott Wilson 25 (Peter Holland 34, Sergey Tolchinsky 9) at 7:25
Penalties :
Rinat Valiev (Leh) for High sticking (Minor) at 1:26, Sergey Tolchinsky (Lav) for Tripping (Minor) at 10:34
2nd period
2. Rocket , Mikhail Maltsev 1 (Adam Fox 30, Sergey Tolchinsky 10) at 1:17
3. Phantoms , Michael Bournival 44 (Nick Shore 59) at 3:35
4. Rocket , Karson Kuhlman 12 (Adam Fox 31, Dean Kukan 13) at 4:39
5. Phantoms , Michael Bournival 45 (Blake Heinrich 21, Nick Shore 60) at 4:53
6. Rocket , Adam Fox 15 (Peter Holland 35) at 12:56
Penalties :
Brandon Pirri (Lav) for Hooking (Minor) at 9:14
3rd period
7. Phantoms , Blake Heinrich 6 (Reid McNeill 27, Michael Bournival 45) at 6:29 (PP)
8. Rocket , Dean Kukan 3 (Adam Fox 32, Adam Gaudette 28) at 7:55 (PP)
9. Phantoms , Lucas Wallmarkk 20 (Sven Andrighetto 27, Morgan Klimchuk 34) at 10:53
Penalties :
Corey Trivino (Lav) for Holding (Minor) at 0:03, Dalton Smith (Lav) for Tripping (Minor) at 6:23, Nick Shore (Leh) for Holding (Minor) at 7:48, Adam Gaudette (Lav) for Roughing (Double Minor) at 16:20
Goalie Stats
Anton Forsberg (Leh), 31 saves from 36 shots - (0.861), L, 28-20-8, 60:00 minutes
Aaron Dell (Lav), 33 saves from 37 shots - (0.892), W, 7-4-0, 60:00 minutes
Players Stats for Phantoms
Player Name G A P +/- PIM S H SB GA TA FO MP PP MP PK MP
------------------------------------------------------------------------------------
A.J. Greer 0 0 0 0 0 0 0 0 0 0 0/0 0:00 0:00 0:00
Alex DeBrincat 0 0 0 1 0 3 0 2 1 1 1/2 24:07 4:48 1:13
Anthony Angello 0 0 0 0 0 0 0 0 0 0 0/0 0:00 0:00 0:00
Blake Heinrich 1 1 2 -1 0 5 1 2 0 1 0/0 26:14 5:35 1:16
Brendan Leipsic 0 0 0 0 0 0 0 0 0 0 0/0 7:07 0:00 0:00
Brenden Kichton 0 0 0 0 0 0 0 0 0 0 0/0 19:06 4:07 0:50
Brett Murray 0 0 0 0 0 0 0 0 0 0 0/0 0:00 0:00 0:00
Cal Foote 0 0 0 0 0 0 0 0 0 0 0/0 8:57 0:00 0:00
Cristoval Nieves 0 0 0 -2 0 1 1 0 1 0 4/6 9:45 0:00 0:00
David Kampf 0 0 0 0 0 0 0 0 0 0 0/0 1:08 0:55 0:00
Erik Nystrom 0 0 0 -2 0 0 0 0 0 0 0/0 9:45 0:00 0:00
JC Lipon 0 0 0 0 0 0 1 0 1 0 0/0 7:42 0:35 0:00
Joe Snively 0 0 0 0 0 0 1 0 1 0 1/2 7:07 0:00 0:00
Laurent Dauphin 0 0 0 0 0 0 0 0 0 0 0/0 0:51 0:38 0:00
Lucas Wallmarkk 1 0 1 0 0 3 0 0 0 1 6/15 17:16 4:02 0:00
Matt Kiersted 0 0 0 0 0 0 0 0 0 0 0/0 5:43 0:00 0:00
Michael Bournival 2 1 3 1 0 8 2 0 1 0 2/4 23:57 4:51 1:13
Mikko Lehtonen 0 0 0 0 0 0 0 0 0 1 0/0 9:47 0:00 0:50
Morgan Klimchuk 0 1 1 0 0 2 2 1 2 0 1/1 17:27 4:13 0:00
Nick Shore 0 2 2 1 2 8 1 2 0 0 14/33 23:30 4:51 0:53
Nick Sorensen 0 0 0 -2 0 1 0 0 0 0 0/0 9:45 0:00 0:00
Reid McNeill 0 1 1 -1 0 0 2 2 0 1 0/0 26:14 5:35 1:16
Riley Stillman 0 0 0 0 0 0 0 0 0 0 0/0 5:43 0:00 0:00
Rinat Valiev 0 0 0 0 2 4 1 0 0 1 0/0 18:21 4:07 0:00
Sven Andrighetto 0 1 1 0 0 2 2 0 1 3 0/0 18:20 4:13 0:53
Players Stats for Rocket
Player Name G A P +/- PIM S H SB GA TA FO MP PP MP PK MP
------------------------------------------------------------------------------------
Adam Fox 1 3 4 3 0 5 1 1 2 0 0/0 28:24 1:24 4:26
Adam Gaudette 0 1 1 -3 4 7 1 1 1 0 1/3 17:47 1:12 0:00
Andrei Mironov 0 0 0 1 0 0 1 0 0 1 0/0 12:07 0:00 0:13
Andrey Pedan 0 0 0 -3 0 0 1 2 0 0 0/0 19:58 0:42 4:26
Brandon Pirri 0 0 0 -3 2 1 2 3 1 0 1/1 20:47 1:12 2:02
Corey Trivino 0 0 0 -3 2 5 1 1 0 1 19/32 19:12 1:12 0:51
Dalton Smith 0 0 0 1 2 2 1 1 0 0 0/0 13:26 0:00 3:16
Dean Kukan 1 1 2 3 0 3 1 1 1 1 0/0 24:34 1:24 5:03
Dominic Turgeon 0 0 0 1 0 0 0 0 0 0 2/2 10:16 0:00 2:47
Dylan DeMelo 0 0 0 1 0 2 2 0 0 1 0/0 15:41 0:42 0:13
Karson Kuhlman 1 0 1 1 0 1 4 0 2 1 1/8 15:10 0:00 4:28
Kole Sherwood 0 0 0 1 0 0 1 0 0 1 0/1 10:11 0:00 0:00
Mikhail Maltsev 1 0 1 1 0 1 1 1 0 0 0/0 8:39 0:54 0:04
Peter Holland 0 2 2 2 0 0 0 1 0 1 8/14 13:45 0:54 0:00
Scott Wilson 1 0 1 2 0 5 0 0 0 0 1/1 16:55 0:54 2:36
Sergey Tolchinsky 0 2 2 2 2 2 2 2 1 1 1/1 16:36 0:00 3:20
Ty Rattie 0 0 0 1 0 0 1 1 0 0 0/0 7:29 0:00 0:00
Viktor Loov 0 0 0 -3 0 2 0 2 1 0 0/0 19:16 0:00 5:03
3 Stars
1 - Adam Fox (Lav)
2 - Michael Bournival (Leh)
3 - Dean Kukan (Lav)
Power Play
Phantoms - 1 on 6 Attempt(s) - 16.67%
Rocket - 1 on 2 Attempt(s) - 50.00%
Penalty Kill
Phantoms - 1 on 2 Attempt(s) - 50.00%
- Score 0 goal in Penalty Kill
Rocket - 5 on 6 Attempt(s) - 83.33%
- Score 0 goal in Penalty Kill
Team Stat
Phantoms - Hits : 14 - Faceoff Wins : 29 - Blocked Shots : 9 - Penalty Minutes : 4
Rocket - Hits : 20 - Faceoff Wins : 34 - Blocked Shots : 17 - Penalty Minutes : 12
Official
Referees : Tom Chmielewski and Francis Charron
Linesman : Trent Knorr and Mark Shewchyk
Game Notes
7:25 of 1st period - Rocket goal is going for a video replay. After video review, Goal.
Finance
Level 1 -- Attendance: 1949 (97.45%) -- Ticket Income $68,215
Level 2 -- Attendance: 843 (84.30%) -- Ticket Income $12,645
Total Attendance: 2792 (93.07%)
Total Ticket Income: $80,860
Other Income: $4,043
Total Income: $84,903
Phantoms
5 vs 5 Forward
Center Left Wing Right Wing Time % Phy DF OF
1 Nick Shore Michael Bournival Alex DeBrincat 40 1 2 2
2 Lucas Wallmarkk Morgan Klimchuk Sven Andrighetto 30 1 2 2
3 Cristoval Nieves Erik Nystrom Nick Sorensen 20 1 2 2
4 Joe Snively Brendan Leipsic JC Lipon 10 1 2 2
5 vs 5 Defense
Defense Defense Time % Phy DF OF
1 Reid McNeill Blake Heinrich 40 1 2 2
2 Rinat Valiev Brenden Kichton 30 1 2 2
3 Cal Foote Mikko Lehtonen 20 1 2 2
4 Matt Kiersted Riley Stillman 10 1 2 2
PowerPlay Forward
Center Left Wing Right Wing Time % Phy DF OF
1 Nick Shore Michael Bournival Alex DeBrincat 60 1 2 2
2 Lucas Wallmarkk Morgan Klimchuk Sven Andrighetto 40 1 2 2
PowerPlay Defense
Defense Defense Time % Phy DF OF
1 Reid McNeill Blake Heinrich 60 1 2 2
2 Rinat Valiev Brenden Kichton 40 1 2 2
Penalty Kill 4 Players Forward
Center Wing Time % Phy DF OF
1 Michael Bournival Alex DeBrincat 60 1 2 2
2 Sven Andrighetto Nick Shore 40 1 2 2
Penalty Kill 4 Players Defense
Defense Defense Time % Phy DF OF
1 Reid McNeill Blake Heinrich 60 1 2 2
2 Rinat Valiev Brenden Kichton 40 1 2 2
Penalty Kill - 3 Players Forward
Forward Time % Phy DF OF
1 Michael Bournival 60 1 2 2
2 Alex DeBrincat 40 1 2 2
Penalty Kill - 3 Players Defense
Defense Defense Time % Phy DF OF
1 Reid McNeill Blake Heinrich 60 1 2 2
2 Rinat Valiev Brenden Kichton 40 1 2 2
4 vs 4 Forward
Center Wing Time % Phy DF OF
1 Michael Bournival Alex DeBrincat 60 1 2 2
2 Sven Andrighetto Nick Shore 40 1 2 2
4 vs 4 Defense
Defense Defense Time % Phy DF OF
1 Reid McNeill Blake Heinrich 60 1 2 2
2 Rinat Valiev Brenden Kichton 40 1 2 2
Last Minutes Offensive
Center Left Wing Right Wing Defense Defense
Nick Shore Michael Bournival Alex DeBrincat Reid McNeill Blake Heinrich
Last Minutes Defensive
Center Left Wing Right Wing Defense Defense
Nick Shore Michael Bournival Alex DeBrincat Reid McNeill Blake Heinrich
Goaltenders
Starting : Anton Forsberg
Backup : Zachary Fucale
Extra Forwards
Normal : David Kampf, Laurent Dauphin, Anthony Angello - PP : David Kampf, Laurent Dauphin - PK : Anthony Angello
Extra Defensemen
Normal : Cal Foote, Mikko Lehtonen, Matt Kiersted - PP : Cal Foote - PK : Mikko Lehtonen, Matt Kiersted
Penalty Shots
Michael Bournival, Alex DeBrincat, Sven Andrighetto, Nick Shore, Lucas Wallmarkk
Scratches
Cooper Marody (Healthy), Devon Teows (Fractured Bone in Right Hand Injury), Ivan Provorov (Torn Left Knee Ligaments Injury), Victor Berglund (Healthy), Fabian Zetterlund (Healthy)
Jason Kasdorf (Healthy), Zachary Sawchenko (Healthy), Kevin Lankinen (Healthy)
Rocket
5 vs 5 Forward
Center Left Wing Right Wing Time % Phy DF OF
1 Corey Trivino Brandon Pirri Adam Gaudette 40 0 2 3
2 Peter Holland Sergey Tolchinsky Scott Wilson 30 0 2 3
3 Karson Kuhlman Dalton Smith Kole Sherwood 20 0 3 2
4 Dominic Turgeon Mikhail Maltsev Ty Rattie 10 0 3 2
5 vs 5 Defense
Defense Defense Time % Phy DF OF
1 Dean Kukan Adam Fox 40 0 2 3
2 Andrey Pedan Viktor Loov 30 0 2 3
3 Dylan DeMelo Andrei Mironov 20 0 3 2
4 Adam Fox Dylan DeMelo 10 0 1 4
PowerPlay Forward
Center Left Wing Right Wing Time % Phy DF OF
1 Corey Trivino Brandon Pirri Adam Gaudette 60 0 2 3
2 Peter Holland Mikhail Maltsev Scott Wilson 40 0 2 3
PowerPlay Defense
Defense Defense Time % Phy DF OF
1 Dean Kukan Adam Fox 60 0 2 3
2 Andrey Pedan Dylan DeMelo 40 0 2 3
Penalty Kill 4 Players Forward
Center Wing Time % Phy DF OF
1 Karson Kuhlman Sergey Tolchinsky 60 0 4 1
2 Dominic Turgeon Dalton Smith 40 0 4 1
Penalty Kill 4 Players Defense
Defense Defense Time % Phy DF OF
1 Dean Kukan Viktor Loov 60 0 4 1
2 Andrey Pedan Adam Fox 40 0 4 1
Penalty Kill - 3 Players Forward
Forward Time % Phy DF OF
1 Peter Holland 60 0 5 0
2 Karson Kuhlman 40 0 5 0
Penalty Kill - 3 Players Defense
Defense Defense Time % Phy DF OF
1 Andrei Mironov Andrey Pedan 60 0 5 0
2 Dean Kukan Dylan DeMelo 40 0 5 0
4 vs 4 Forward
Center Wing Time % Phy DF OF
1 Dominic Turgeon Adam Gaudette 60 1 2 2
2 Corey Trivino Brandon Pirri 40 1 2 2
4 vs 4 Defense
Defense Defense Time % Phy DF OF
1 Dean Kukan Viktor Loov 60 1 2 2
2 Andrey Pedan Adam Fox 40 1 2 2
Last Minutes Offensive
Center Left Wing Right Wing Defense Defense
Corey Trivino Brandon Pirri Adam Gaudette Dean Kukan Adam Fox
Last Minutes Defensive
Center Left Wing Right Wing Defense Defense
Corey Trivino Brandon Pirri Adam Gaudette Dean Kukan Viktor Loov
Goaltenders
Starting : Aaron Dell
Backup : Cayden Primeau
Extra Forwards
Normal : Adam Gaudette, Brandon Pirri, Corey Trivino - PP : Adam Gaudette, Brandon Pirri - PK : Scott Wilson
Extra Defensemen
Normal : Adam Fox, Dylan DeMelo, Andrei Mironov - PP : Adam Fox - PK : Dylan DeMelo, Andrei Mironov
Penalty Shots
Adam Gaudette, Scott Wilson, Corey Trivino, Brandon Pirri, Peter Holland
Scratches
Branden Troock (Healthy), Reese Johnson (Healthy), Guillaume Brisebois (Healthy), Jack Glover (Healthy), Jiri Sekac (Healthy)
Ryan Collins (Healthy), Tyler Lewington (Healthy), MacKenzie Entwistle (Healthy), Luke Kunin (Healthy), Connor Ingram (Healthy)
% Time on Ice - Phantoms
Lines # - Real PCT - Wanted PCT - Time Play
Normal Forward
1 - 38% - 40% - 18:06
2 - 27% - 30% - 13:14
3 - 20% - 20% - 9:45
4 - 15% - 10% - 7:07
Normal Defense
1 - 40% - 40% - 19:23
2 - 29% - 30% - 14:09
3 - 19% - 20% - 8:57
4 - 12% - 10% - 5:43
PP Forward
1 - 52% - 60% - 5:02
2 - 48% - 40% - 4:40
PP Defense
1 - 58% - 60% - 5:35
2 - 42% - 40% - 4:07
PK Forward
1 - 58% - 60% - 1:13
2 - 42% - 40% - 0:53
PK Defense
1 - 60% - 60% - 1:16
2 - 40% - 40% - 0:50
PK3 Forward
1 - 0% - 60%
2 - 0% - 40%
PK3 Defense
1 - 0% - 60%
2 - 0% - 40%
44 Forward
1 - 0% - 60%
2 - 0% - 40%
44 Defense
1 - 0% - 60%
2 - 0% - 40%
Last Minute Offensive - 0:00
Last Minute Defensive - 0:00
Total
Forward - 60:00
Defense - 60:00
|
% Time on Ice - Rocket
Lines # - Real PCT - Wanted PCT - Time Play
Normal Forward
1 - 37% - 40% - 17:41
2 - 27% - 30% - 12:51
3 - 21% - 20% - 10:11
4 - 16% - 10% - 7:29
Normal Defense
1 - 37% - 40% - 17:50
2 - 33% - 30% - 16:01
3 - 23% - 20% - 10:56
4 - 7% - 10% - 3:25
PP Forward
1 - 57% - 60% - 1:12
2 - 43% - 40% - 0:54
PP Defense
1 - 67% - 60% - 1:24
2 - 33% - 40% - 0:42
PK Forward
1 - 73% - 60% - 7:04
2 - 27% - 40% - 2:38
PK Defense
1 - 54% - 60% - 5:16
2 - 46% - 40% - 4:26
PK3 Forward
1 - 0% - 60%
2 - 0% - 40%
PK3 Defense
1 - 0% - 60%
2 - 0% - 40%
44 Forward
1 - 0% - 60%
2 - 0% - 40%
44 Defense
1 - 0% - 60%
2 - 0% - 40%
Last Minute Offensive - 0:00
Last Minute Defensive - 0:00
Total
Forward - 60:00
Defense - 60:00
|
Play-by-Play
1st period
0:01 of 1st period - Corey Trivino wins face-off versus Nick Shore in neutral zone.
0:48 of 1st period - Snap shot by Dalton Smith.
0:48 of 1st period - Shot Blocked by Blake Heinrich.
0:50 of 1st period - Slapshot by Dylan DeMelo.
0:50 of 1st period - Stopped by Anton Forsberg without a rebound.
0:51 of 1st period - Dominic Turgeon wins face-off versus Joe Snively in Phantoms zone.
1:06 of 1st period - Rinat Valiev is hit by Dylan DeMelo.
1:26 of 1st period - Minor Penalty to Rinat Valiev for High sticking.
1:27 of 1st period - Corey Trivino wins face-off versus Michael Bournival in Phantoms zone.
1:31 of 1st period - Wrist shot by Corey Trivino.
1:31 of 1st period - Stopped by Anton Forsberg without a rebound.
1:32 of 1st period - Michael Bournival wins face-off versus Corey Trivino in Phantoms zone.
2:23 of 1st period - Slapshot by Adam Fox.
2:23 of 1st period - Deflect By Michael Bournival.
2:23 of 1st period - Stopped by Anton Forsberg without a rebound.
2:24 of 1st period - Michael Bournival wins face-off versus Peter Holland in Phantoms zone.
3:26 of 1st period - Penalty to Rinat Valiev is over, Rinat Valiev is back on ice.
5:26 of 1st period - Snap shot by Michael Bournival.
5:26 of 1st period - Stopped by Aaron Dell with a rebound.
6:21 of 1st period - Snap shot by Peter Holland.
6:21 of 1st period - Shot Misses the Net.
6:23 of 1st period - Backhand shot by Adam Fox.
6:23 of 1st period - Shot Misses the Net.
6:25 of 1st period - Slapshot by Dean Kukan.
6:25 of 1st period - Stopped by Anton Forsberg without a rebound.
6:26 of 1st period - Nick Shore wins face-off versus Corey Trivino in Phantoms zone.
7:16 of 1st period - Michael Bournival is hit by Andrey Pedan and loses puck.
7:23 of 1st period - Wrist shot by Peter Holland.
7:23 of 1st period - Shot Misses the Net.
7:25 of 1st period - Wrist shot by Scott Wilson.
7:25 of 1st period - Rocket goal is going for a video replay.
7:25 of 1st period - The goal is good.
7:25 of 1st period - Goal by Scott Wilson - Phantoms : 0 - Rocket : 1.
7:26 of 1st period - Lucas Wallmarkk wins face-off versus Corey Trivino in neutral zone.
8:12 of 1st period - Adam Fox is hit by Reid McNeill.
8:16 of 1st period - Blake Heinrich is hit by Karson Kuhlman and loses puck.
9:26 of 1st period - Wrist shot by Brandon Pirri.
9:26 of 1st period - Shot Misses the Net.
9:28 of 1st period - Snap shot by Corey Trivino.
9:28 of 1st period - Shot Misses the Net.
9:30 of 1st period - Snap shot by Corey Trivino.
9:30 of 1st period - Stopped by Anton Forsberg with a rebound.
9:42 of 1st period - Slapshot by Sven Andrighetto.
9:42 of 1st period - Stopped by Aaron Dell with a rebound.
9:48 of 1st period - Dylan DeMelo is hit by Morgan Klimchuk and loses puck.
10:21 of 1st period - Wrist shot by Scott Wilson.
10:21 of 1st period - Stopped by Anton Forsberg without a rebound.
10:22 of 1st period - Peter Holland wins face-off versus Nick Shore in Phantoms zone.
10:34 of 1st period - Minor Penalty to Sergey Tolchinsky for Tripping.
10:35 of 1st period - Nick Shore wins face-off versus Karson Kuhlman in Rocket zone.
11:01 of 1st period - Lucas Wallmarkk is hit by Karson Kuhlman.
12:33 of 1st period - Alex DeBrincat is hit by Karson Kuhlman and loses puck.
12:34 of 1st period - Penalty to Sergey Tolchinsky is over, Sergey Tolchinsky is back on ice.
12:40 of 1st period - Snap shot by Sergey Tolchinsky.
12:40 of 1st period - Deflect By Mikhail Maltsev.
12:40 of 1st period - Shot Blocked by Alex DeBrincat.
12:40 of 1st period - Puck is out of play.
12:41 of 1st period - Peter Holland wins face-off versus Cristoval Nieves in Phantoms zone.
13:08 of 1st period - Cal Foote is hit by Dylan DeMelo and loses puck.
13:33 of 1st period - Morgan Klimchuk is hit by Mikhail Maltsev and loses puck.
13:52 of 1st period - Snap shot by Karson Kuhlman.
13:52 of 1st period - Deflect By Dalton Smith.
13:52 of 1st period - Stopped by Anton Forsberg without a rebound.
13:53 of 1st period - Nick Shore wins face-off versus Adam Gaudette in Phantoms zone.
14:23 of 1st period - Backhand shot by Lucas Wallmarkk.
14:23 of 1st period - Stopped by Aaron Dell without a rebound.
14:24 of 1st period - Lucas Wallmarkk wins face-off versus Corey Trivino in Rocket zone.
14:31 of 1st period - Slapshot by Lucas Wallmarkk.
14:31 of 1st period - Deflect By Morgan Klimchuk.
14:31 of 1st period - Shot Misses the Net.
14:31 of 1st period - Puck is out of play.
14:32 of 1st period - Nick Shore wins face-off versus Adam Gaudette in Rocket zone.
14:37 of 1st period - Snap shot by Nick Shore.
14:37 of 1st period - Deflect By Michael Bournival.
14:37 of 1st period - Shot Blocked by Adam Fox.
14:37 of 1st period - Puck is out of play.
14:38 of 1st period - Corey Trivino wins face-off versus Nick Shore in Rocket zone.
14:47 of 1st period - Slapshot by Adam Gaudette.
14:47 of 1st period - Stopped by Anton Forsberg without a rebound.
14:48 of 1st period - Corey Trivino wins face-off versus Nick Shore in Phantoms zone.
14:54 of 1st period - Icing by Blake Heinrich.
14:55 of 1st period - Corey Trivino wins face-off versus Nick Shore in Phantoms zone.
17:06 of 1st period - Scott Wilson is hit by JC Lipon and loses puck.
17:25 of 1st period - Wrist shot by Dalton Smith.
17:25 of 1st period - Shot Misses the Net.
17:27 of 1st period - Slapshot by Dalton Smith.
17:27 of 1st period - Shot Blocked by Nick Shore.
17:29 of 1st period - Snap shot by Dalton Smith.
17:29 of 1st period - Shot Misses the Net.
17:35 of 1st period - Slapshot by Karson Kuhlman.
17:35 of 1st period - Shot Misses the Net.
18:03 of 1st period - Cal Foote is hit by Dean Kukan and loses puck.
19:33 of 1st period - Snap shot by Morgan Klimchuk.
19:33 of 1st period - Stopped by Aaron Dell without a rebound.
19:34 of 1st period - Corey Trivino wins face-off versus Nick Shore in Rocket zone.
19:43 of 1st period - Wrist shot by Brandon Pirri.
19:43 of 1st period - Shot Blocked by Blake Heinrich.
Goals for this period are 0 for Phantoms vs 1 for Rocket.
Shots for this period are 4 for Phantoms vs 9 for Rocket.
2nd period
0:01 of 2nd period - Corey Trivino wins face-off versus Nick Shore in neutral zone.
0:08 of 2nd period - Backhand shot by Corey Trivino.
0:08 of 2nd period - Shot Misses the Net.
0:10 of 2nd period - Slapshot by Corey Trivino.
0:10 of 2nd period - Stopped by Anton Forsberg with a rebound.
0:29 of 2nd period - Off-side.
0:30 of 2nd period - Lucas Wallmarkk wins face-off versus Kole Sherwood in neutral zone.
0:39 of 2nd period - Snap shot by Lucas Wallmarkk.
0:39 of 2nd period - Shot Misses the Net.
1:00 of 2nd period - Slapshot by Blake Heinrich.
1:00 of 2nd period - Shot Blocked by Brandon Pirri.
1:15 of 2nd period - Snap shot by Adam Fox.
1:15 of 2nd period - Deflect By Reid McNeill.
1:15 of 2nd period - Stopped by Anton Forsberg with a rebound.
1:17 of 2nd period - Wrist shot by Mikhail Maltsev.
1:17 of 2nd period - Goal by Mikhail Maltsev - Phantoms : 0 - Rocket : 2.
1:18 of 2nd period - Nick Shore wins face-off versus Corey Trivino in neutral zone.
1:23 of 2nd period - Slapshot by Michael Bournival.
1:23 of 2nd period - Stopped by Aaron Dell with a rebound.
1:25 of 2nd period - Slapshot by Rinat Valiev.
1:25 of 2nd period - Shot Misses the Net.
1:27 of 2nd period - Slapshot by Rinat Valiev.
1:27 of 2nd period - Shot Misses the Net.
1:29 of 2nd period - Snap shot by Nick Shore.
1:29 of 2nd period - Shot Blocked by Adam Gaudette.
1:50 of 2nd period - Slapshot by Cristoval Nieves.
1:50 of 2nd period - Shot Blocked by Sergey Tolchinsky.
1:52 of 2nd period - Slapshot by Rinat Valiev.
1:52 of 2nd period - Shot Blocked by Andrey Pedan.
1:54 of 2nd period - Backhand shot by Nick Sorensen.
1:54 of 2nd period - Stopped by Aaron Dell with a rebound.
1:56 of 2nd period - Slapshot by Rinat Valiev.
1:56 of 2nd period - Shot Blocked by Viktor Loov.
2:06 of 2nd period - Backhand shot by Scott Wilson.
2:06 of 2nd period - Stopped by Anton Forsberg without a rebound.
2:07 of 2nd period - Lucas Wallmarkk wins face-off versus Karson Kuhlman in Phantoms zone.
2:18 of 2nd period - Wrist shot by Dalton Smith.
2:18 of 2nd period - Stopped by Anton Forsberg with a rebound.
2:49 of 2nd period - Icing by Blake Heinrich.
2:50 of 2nd period - Morgan Klimchuk wins face-off versus Peter Holland in Phantoms zone.
3:03 of 2nd period - Backhand shot by Sergey Tolchinsky.
3:03 of 2nd period - Shot Misses the Net.
3:05 of 2nd period - Snap shot by Peter Holland.
3:05 of 2nd period - Shot Blocked by Nick Shore.
3:21 of 2nd period - Wrist shot by Cristoval Nieves.
3:21 of 2nd period - Stopped by Aaron Dell without a rebound.
3:22 of 2nd period - Nick Shore wins face-off versus Corey Trivino in Rocket zone.
3:31 of 2nd period - Slapshot by Nick Shore.
3:31 of 2nd period - Stopped by Aaron Dell with a rebound.
3:33 of 2nd period - Snap shot by Nick Shore.
3:33 of 2nd period - Shot Misses the Net.
3:35 of 2nd period - Snap shot by Michael Bournival.
3:35 of 2nd period - Goal by Michael Bournival - Phantoms : 1 - Rocket : 2.
3:36 of 2nd period - Nick Shore wins face-off versus Corey Trivino in neutral zone.
3:49 of 2nd period - Snap shot by Adam Gaudette.
3:49 of 2nd period - Deflect By Rinat Valiev.
3:49 of 2nd period - Shot Misses the Net.
3:49 of 2nd period - Puck is out of play.
3:50 of 2nd period - Peter Holland wins face-off versus Nick Shore in Phantoms zone.
4:22 of 2nd period - Adam Gaudette is hit by Sven Andrighetto and loses puck.
4:39 of 2nd period - Slapshot by Karson Kuhlman.
4:39 of 2nd period - Goal by Karson Kuhlman - Phantoms : 1 - Rocket : 3.
4:40 of 2nd period - Corey Trivino wins face-off versus Nick Shore in neutral zone.
4:47 of 2nd period - Wrist shot by Michael Bournival.
4:47 of 2nd period - Shot Blocked by Viktor Loov.
4:49 of 2nd period - Slapshot by Blake Heinrich.
4:49 of 2nd period - Stopped by Aaron Dell with a rebound.
4:51 of 2nd period - Slapshot by Michael Bournival.
4:51 of 2nd period - Shot Misses the Net.
4:53 of 2nd period - Wrist shot by Michael Bournival.
4:53 of 2nd period - Goal by Michael Bournival - Phantoms : 2 - Rocket : 3.
4:54 of 2nd period - Scott Wilson wins face-off versus Nick Shore in neutral zone.
5:02 of 2nd period - Slapshot by Michael Bournival.
5:02 of 2nd period - Stopped by Aaron Dell with a rebound.
5:04 of 2nd period - Slapshot by Blake Heinrich.
5:04 of 2nd period - Deflect By Sergey Tolchinsky.
5:04 of 2nd period - Stopped by Aaron Dell with a rebound.
5:06 of 2nd period - Wrist shot by Nick Shore.
5:06 of 2nd period - Stopped by Aaron Dell without a rebound.
5:07 of 2nd period - Corey Trivino wins face-off versus Nick Shore in Rocket zone.
5:07 of 2nd period - Corey Trivino is hit by Nick Shore.
5:21 of 2nd period - Snap shot by Adam Gaudette.
5:21 of 2nd period - Shot Misses the Net.
5:23 of 2nd period - Snap shot by Brandon Pirri.
5:23 of 2nd period - Stopped by Anton Forsberg without a rebound.
5:24 of 2nd period - Peter Holland wins face-off versus Lucas Wallmarkk in Phantoms zone.
6:06 of 2nd period - Alex DeBrincat is hit by Brandon Pirri and loses puck.
6:21 of 2nd period - Andrey Pedan is hit by Cristoval Nieves.
6:39 of 2nd period - Wrist shot by Joe Snively.
6:39 of 2nd period - Shot Blocked by Mikhail Maltsev.
6:41 of 2nd period - Wrist shot by Brendan Leipsic.
6:41 of 2nd period - Shot Blocked by Ty Rattie.
6:43 of 2nd period - Snap shot by Brendan Leipsic.
6:43 of 2nd period - Shot Misses the Net.
6:59 of 2nd period - Wrist shot by Morgan Klimchuk.
6:59 of 2nd period - Shot Misses the Net.
7:01 of 2nd period - Slapshot by Blake Heinrich.
7:01 of 2nd period - Stopped by Aaron Dell with a rebound.
7:03 of 2nd period - Snap shot by Blake Heinrich.
7:03 of 2nd period - Stopped by Aaron Dell without a rebound.
7:04 of 2nd period - Nick Shore wins face-off versus Corey Trivino in Rocket zone.
7:15 of 2nd period - Slapshot by Adam Gaudette.
7:15 of 2nd period - Deflect By Nick Shore.
7:15 of 2nd period - Stopped by Anton Forsberg without a rebound.
7:16 of 2nd period - Nick Shore wins face-off versus Corey Trivino in Phantoms zone.
7:23 of 2nd period - Slapshot by Rinat Valiev.
7:23 of 2nd period - Stopped by Aaron Dell with a rebound.
7:25 of 2nd period - Snap shot by Rinat Valiev.
7:25 of 2nd period - Stopped by Aaron Dell with a rebound.
7:27 of 2nd period - Slapshot by Nick Shore.
7:27 of 2nd period - Stopped by Aaron Dell with a rebound.
7:29 of 2nd period - Slapshot by Rinat Valiev.
7:29 of 2nd period - Stopped by Aaron Dell with a rebound.
7:31 of 2nd period - Slapshot by Alex DeBrincat.
7:31 of 2nd period - Stopped by Aaron Dell without a rebound.
7:32 of 2nd period - Peter Holland wins face-off versus Lucas Wallmarkk in Rocket zone.
7:39 of 2nd period - Slapshot by Morgan Klimchuk.
7:39 of 2nd period - Stopped by Aaron Dell without a rebound.
7:40 of 2nd period - Peter Holland wins face-off versus Lucas Wallmarkk in Rocket zone.
8:52 of 2nd period - Snap shot by Lucas Wallmarkk.
8:52 of 2nd period - Deflect By Peter Holland.
8:52 of 2nd period - Shot Misses the Net.
8:52 of 2nd period - Puck is out of play.
8:53 of 2nd period - Corey Trivino wins face-off versus Nick Shore in Rocket zone.
9:14 of 2nd period - Minor Penalty to Brandon Pirri for Hooking.
9:15 of 2nd period - Nick Shore wins face-off versus Karson Kuhlman in Rocket zone.
10:01 of 2nd period - Nick Shore is hit by Adam Fox and loses puck.
10:32 of 2nd period - Alex DeBrincat is hit by Dalton Smith and loses puck.
11:14 of 2nd period - Penalty to Brandon Pirri is over, Brandon Pirri is back on ice.
12:05 of 2nd period - Off-side.
12:06 of 2nd period - Corey Trivino wins face-off versus Cristoval Nieves in neutral zone.
12:31 of 2nd period - Andrei Mironov is hit by Michael Bournival and loses puck.
12:52 of 2nd period - Slapshot by Dylan DeMelo.
12:52 of 2nd period - Stopped by Anton Forsberg with a rebound.
12:54 of 2nd period - Snap shot by Scott Wilson.
12:54 of 2nd period - Stopped by Anton Forsberg without a rebound.
12:55 of 2nd period - Peter Holland wins face-off versus Lucas Wallmarkk in Phantoms zone.
12:56 of 2nd period - Slapshot by Adam Fox.
12:56 of 2nd period - Goal by Adam Fox - Phantoms : 2 - Rocket : 4.
12:57 of 2nd period - Nick Shore wins face-off versus Corey Trivino in neutral zone.
13:34 of 2nd period - Slapshot by Adam Fox.
13:34 of 2nd period - Deflect By Sergey Tolchinsky.
13:34 of 2nd period - Stopped by Anton Forsberg with a rebound.
13:36 of 2nd period - Slapshot by Scott Wilson.
13:36 of 2nd period - Stopped by Anton Forsberg without a rebound.
13:37 of 2nd period - Corey Trivino wins face-off versus Lucas Wallmarkk in Phantoms zone.
15:41 of 2nd period - Lucas Wallmarkk is hit by Sergey Tolchinsky.
16:34 of 2nd period - Dominic Turgeon is hit by Sven Andrighetto and loses puck.
17:34 of 2nd period - Snap shot by Alex DeBrincat.
17:34 of 2nd period - Stopped by Aaron Dell with a rebound.
18:09 of 2nd period - Icing by Morgan Klimchuk.
18:10 of 2nd period - Corey Trivino wins face-off versus Lucas Wallmarkk in Phantoms zone.
18:18 of 2nd period - Wrist shot by Corey Trivino.
18:18 of 2nd period - Stopped by Anton Forsberg with a rebound.
18:34 of 2nd period - Michael Bournival is hit by Kole Sherwood.
18:40 of 2nd period - Kole Sherwood is hit by Michael Bournival.
18:46 of 2nd period - Alex DeBrincat is hit by Karson Kuhlman and loses puck.
19:21 of 2nd period - Icing by Andrei Mironov.
19:22 of 2nd period - Lucas Wallmarkk wins face-off versus Peter Holland in Rocket zone.
19:31 of 2nd period - Snap shot by Alex DeBrincat.
19:31 of 2nd period - Stopped by Aaron Dell without a rebound.
19:32 of 2nd period - Nick Shore wins face-off versus Corey Trivino in Rocket zone.
19:45 of 2nd period - Snap shot by Nick Shore.
19:45 of 2nd period - Stopped by Aaron Dell with a rebound.
19:47 of 2nd period - Wrist shot by Michael Bournival.
19:47 of 2nd period - Shot Blocked by Corey Trivino.
19:49 of 2nd period - Slapshot by Brenden Kichton.
19:49 of 2nd period - Deflect By Nick Shore.
19:49 of 2nd period - Stopped by Aaron Dell with a rebound.
19:51 of 2nd period - Wrist shot by Michael Bournival.
19:51 of 2nd period - Shot Blocked by Brandon Pirri.
19:53 of 2nd period - Snap shot by Rinat Valiev.
19:53 of 2nd period - Stopped by Aaron Dell with a rebound.
19:55 of 2nd period - Slapshot by Nick Shore.
19:55 of 2nd period - Stopped by Aaron Dell with a rebound.
19:57 of 2nd period - Snap shot by Alex DeBrincat.
19:57 of 2nd period - Shot Blocked by Dean Kukan.
19:59 of 2nd period - Snap shot by Michael Bournival.
19:59 of 2nd period - Stopped by Aaron Dell with a rebound.
Goals for this period are 2 for Phantoms vs 3 for Rocket.
Shots for this period are 25 for Phantoms vs 14 for Rocket.
3rd period
0:01 of 3rd period - Corey Trivino wins face-off versus Nick Shore in neutral zone.
0:03 of 3rd period - Minor Penalty to Corey Trivino for Holding.
0:04 of 3rd period - Alex DeBrincat wins face-off versus Karson Kuhlman in Rocket zone.
2:03 of 3rd period - Penalty to Corey Trivino is over, Corey Trivino is back on ice.
2:11 of 3rd period - Brenden Kichton is hit by Corey Trivino and loses puck.
2:49 of 3rd period - Icing by Cal Foote.
2:50 of 3rd period - Joe Snively wins face-off versus Karson Kuhlman in Phantoms zone.
3:37 of 3rd period - Slapshot by Corey Trivino.
3:37 of 3rd period - Stopped by Anton Forsberg with a rebound.
3:39 of 3rd period - Slapshot by Viktor Loov.
3:39 of 3rd period - Shot Misses the Net.
3:41 of 3rd period - Slapshot by Dean Kukan.
3:41 of 3rd period - Shot Blocked by Morgan Klimchuk.
3:51 of 3rd period - Snap shot by Nick Shore.
3:51 of 3rd period - Stopped by Aaron Dell without a rebound.
3:52 of 3rd period - Peter Holland wins face-off versus Nick Shore in Rocket zone.
3:57 of 3rd period - Blake Heinrich is hit by Sergey Tolchinsky and loses puck.
4:38 of 3rd period - Wrist shot by Dalton Smith.
4:38 of 3rd period - Shot Misses the Net.
5:03 of 3rd period - Cristoval Nieves is hit by Ty Rattie.
5:25 of 3rd period - Scott Wilson is hit by Joe Snively and loses puck.
6:13 of 3rd period - Snap shot by Michael Bournival.
6:13 of 3rd period - Stopped by Aaron Dell with a rebound.
6:23 of 3rd period - Minor Penalty to Dalton Smith for Tripping.
6:24 of 3rd period - Nick Shore wins face-off versus Karson Kuhlman in Rocket zone.
6:25 of 3rd period - Snap shot by Michael Bournival.
6:25 of 3rd period - Stopped by Aaron Dell with a rebound.
6:27 of 3rd period - Wrist shot by Reid McNeill.
6:27 of 3rd period - Shot Misses the Net.
6:29 of 3rd period - Slapshot by Blake Heinrich.
6:29 of 3rd period - Deflect By Dean Kukan.
6:29 of 3rd period - Goal by Blake Heinrich - Phantoms : 3 - Rocket : 4.
6:30 of 3rd period - Corey Trivino wins face-off versus Nick Shore in neutral zone.
7:29 of 3rd period - Slapshot by Viktor Loov.
7:29 of 3rd period - Stopped by Anton Forsberg without a rebound.
7:30 of 3rd period - Corey Trivino wins face-off versus Nick Shore in Phantoms zone.
7:37 of 3rd period - Snap shot by Adam Gaudette.
7:37 of 3rd period - Stopped by Anton Forsberg with a rebound.
7:39 of 3rd period - Snap shot by Corey Trivino.
7:39 of 3rd period - Shot Blocked by Reid McNeill.
7:41 of 3rd period - Slapshot by Andrey Pedan.
7:41 of 3rd period - Shot Misses the Net.
7:48 of 3rd period - Minor Penalty to Nick Shore for Holding.
7:49 of 3rd period - Brandon Pirri wins face-off versus Michael Bournival in Phantoms zone.
7:51 of 3rd period - Slapshot by Adam Fox.
7:51 of 3rd period - Shot Blocked by Alex DeBrincat.
7:53 of 3rd period - Wrist shot by Dean Kukan.
7:53 of 3rd period - Stopped by Anton Forsberg with a rebound.
7:55 of 3rd period - Slapshot by Dean Kukan.
7:55 of 3rd period - Goal by Dean Kukan - Phantoms : 3 - Rocket : 5.
7:56 of 3rd period - Adam Gaudette wins face-off versus Alex DeBrincat in neutral zone.
7:59 of 3rd period - Slapshot by Corey Trivino.
7:59 of 3rd period - Deflect By Adam Gaudette.
7:59 of 3rd period - Stopped by Anton Forsberg with a rebound.
8:06 of 3rd period - Reid McNeill is hit by Adam Gaudette and loses puck.
9:25 of 3rd period - Viktor Loov is hit by Morgan Klimchuk and loses puck.
9:38 of 3rd period - Snap shot by Lucas Wallmarkk.
9:38 of 3rd period - Stopped by Aaron Dell with a rebound.
10:16 of 3rd period - Slapshot by Reid McNeill.
10:16 of 3rd period - Shot Blocked by Andrey Pedan.
10:51 of 3rd period - Snap shot by Sven Andrighetto.
10:51 of 3rd period - Shot Misses the Net.
10:53 of 3rd period - Wrist shot by Lucas Wallmarkk.
10:53 of 3rd period - Goal by Lucas Wallmarkk - Phantoms : 4 - Rocket : 5.
10:54 of 3rd period - Corey Trivino wins face-off versus Nick Shore in neutral zone.
11:22 of 3rd period - Icing by Erik Nystrom.
11:23 of 3rd period - Cristoval Nieves wins face-off versus Peter Holland in Phantoms zone.
11:23 of 3rd period - Cristoval Nieves is hit by Andrei Mironov.
11:39 of 3rd period - Wrist shot by Sergey Tolchinsky.
11:39 of 3rd period - Stopped by Anton Forsberg with a rebound.
11:41 of 3rd period - Slapshot by Sergey Tolchinsky.
11:41 of 3rd period - Deflect By Scott Wilson.
11:41 of 3rd period - Shot Blocked by Reid McNeill.
11:41 of 3rd period - Puck is out of play.
11:42 of 3rd period - Corey Trivino wins face-off versus Nick Shore in Phantoms zone.
12:03 of 3rd period - Adam Fox is hit by Rinat Valiev and loses puck.
12:20 of 3rd period - Off-side.
12:21 of 3rd period - Sergey Tolchinsky wins face-off versus Lucas Wallmarkk in neutral zone.
12:48 of 3rd period - Slapshot by Nick Shore.
12:48 of 3rd period - Stopped by Aaron Dell without a rebound.
12:49 of 3rd period - Nick Shore wins face-off versus Karson Kuhlman in Rocket zone.
13:14 of 3rd period - Wrist shot by Michael Bournival.
13:14 of 3rd period - Shot Blocked by Dalton Smith.
13:44 of 3rd period - Snap shot by Karson Kuhlman.
13:44 of 3rd period - Shot Misses the Net.
13:50 of 3rd period - Slapshot by Adam Fox.
13:50 of 3rd period - Deflect By Michael Bournival.
13:50 of 3rd period - Stopped by Anton Forsberg with a rebound.
14:57 of 3rd period - Slapshot by Adam Fox.
14:57 of 3rd period - Stopped by Anton Forsberg without a rebound.
14:58 of 3rd period - Corey Trivino wins face-off versus Lucas Wallmarkk in Phantoms zone.
14:59 of 3rd period - Wrist shot by Adam Gaudette.
14:59 of 3rd period - Shot Misses the Net.
15:01 of 3rd period - Snap shot by Adam Gaudette.
15:01 of 3rd period - Stopped by Anton Forsberg with a rebound.
15:03 of 3rd period - Slapshot by Viktor Loov.
15:03 of 3rd period - Stopped by Anton Forsberg with a rebound.
15:05 of 3rd period - Slapshot by Adam Gaudette.
15:05 of 3rd period - Stopped by Anton Forsberg without a rebound.
15:06 of 3rd period - Lucas Wallmarkk wins face-off versus Corey Trivino in Phantoms zone.
15:21 of 3rd period - Snap shot by Adam Gaudette.
15:21 of 3rd period - Stopped by Anton Forsberg without a rebound.
15:22 of 3rd period - Cristoval Nieves wins face-off versus Peter Holland in Phantoms zone.
15:27 of 3rd period - Snap shot by Reid McNeill.
15:27 of 3rd period - Shot Blocked by Sergey Tolchinsky.
15:29 of 3rd period - Wrist shot by Nick Sorensen.
15:29 of 3rd period - Deflect By Cristoval Nieves.
15:29 of 3rd period - Shot Blocked by Peter Holland.
15:29 of 3rd period - Puck is out of play.
15:30 of 3rd period - Cristoval Nieves wins face-off versus Peter Holland in Rocket zone.
16:01 of 3rd period - Snap shot by Sven Andrighetto.
16:01 of 3rd period - Stopped by Aaron Dell without a rebound.
16:02 of 3rd period - Cristoval Nieves wins face-off versus Corey Trivino in Rocket zone.
16:13 of 3rd period - Snap shot by Erik Nystrom.
16:13 of 3rd period - Shot Misses the Net.
16:15 of 3rd period - Snap shot by Cristoval Nieves.
16:15 of 3rd period - Shot Blocked by Brandon Pirri.
16:20 of 3rd period - Double Minor Penalty to Adam Gaudette for Roughing.
16:21 of 3rd period - Karson Kuhlman wins face-off versus Nick Shore in Rocket zone.
16:33 of 3rd period - Snap shot by Nick Shore.
16:33 of 3rd period - Shot Misses the Net.
16:47 of 3rd period - Dean Kukan is hit by Blake Heinrich and loses puck.
18:27 of 3rd period - Nick Shore is hit by Brandon Pirri and loses puck.
18:47 of 3rd period - Icing by Brenden Kichton.
18:48 of 3rd period - Dominic Turgeon wins face-off versus Lucas Wallmarkk in Phantoms zone.
19:11 of 3rd period - Slapshot by Dominic Turgeon.
19:11 of 3rd period - Shot Misses the Net.
19:58 of 3rd period - Adam Fox is hit by Reid McNeill and loses puck.
Goals for this period are 2 for Phantoms vs 1 for Rocket.
Shots for this period are 8 for Phantoms vs 13 for Rocket.
Output by the SimonT Hockey Simulator (STHS) for Francois Prevost